 Dungeon Crawl Stone Soup version 0.26-a0-244-g083ca260ac (webtiles) character file.

Game seed: 3475493078430621449

198 BritishOli the Ducker (level 5, -2/41 HPs)
             Began as a Demonspawn Gladiator on July 8, 2020.
             Slain by an orc
             ... wielding a +0 flail
              (12 damage)
             ... on level 4 of the Dungeon.
             The game lasted 00:02:26 (3027 turns).

BritishOli the Ducker (Demonspawn Gladiator)        Turns: 3027, Time: 00:02:27

Health: -2/41      AC:  3    Str: 15    XL:     5   Next: 47%
Magic:  5/5        EV: 13    Int:  9    God:
Gold:   56         SH:  0    Dex: 15    Spells: 4/4 levels left

rFire    + . .     SeeInvis .   a - +0 long sword
rCold    . . .     Faith    .   (no shield)
rNeg     . . .     Spirit   .   b - +0 leather armour
rPois    .         Reflect  .   (helmet restricted)
rElec    .         Harm     .   (no cloak)
rCorr    .                      (no gloves)
MR       .....                  (no boots)
Stlth    +.........             (no amulet)
HPRegen  0.13/turn              (no ring)
MPRegen  0.09/turn              (no ring)

@: lethally poisoned (-2 -> -4)
A: antennae 1, fire resistance 1
a: no special abilities


You were on level 4 of the Dungeon.
You were not hungry.

You visited 1 branch of the dungeon, and saw 4 of its levels.

You collected 56 gold pieces.

Inventory:

Hand Weapons
 a - a +0 long sword (weapon)
Missiles
 d - 3 throwing nets (quivered)
Armour
 b - a +0 leather armour (worn)
 c - a +0 helmet
Wands
 l - a wand of paralysis (2)
 q - a wand of enslavement (2)
Scrolls
 e - 2 scrolls of identify {unknown}
 h - 2 scrolls of teleportation {unknown}
 i - 2 scrolls of noise {unknown}
 j - 2 scrolls of remove curse {unknown}
Potions
 g - a potion of lignification
 k - a potion of cancellation
 m - a potion of stabbing {unknown}
 n - a potion of might {unknown}
 o - a potion of heal wounds
 p - a potion of magic {unknown}
Comestibles
 f - 4 rations


   Skills:
 + Level 3.1 Fighting
 + Level 3.4 Long Blades
 + Level 2.7 Throwing
 + Level 1.8 Armour
 + Level 3.5 Dodging


You had 4 spell levels left.
You didn't know any spells.
Your spell library was empty.

Dungeon Overview and Level Annotations

Branches:
Dungeon (4/15)
 Temple: D:4-7

Altars:


Innate Abilities, Weirdness & Mutations

You have a pair of small antennae on your head.
Your flesh is heat resistant. (rF+)


Message History

You kill the jelly!
The orc hits you with a +0 flail. The worker ant bites you.
You slash the worker ant!
The worker ant is heavily wounded.
The worker ant bites you. The orc hits you with a +0 flail.
The worker ant bites you.
You are poisoned.
The worker ant poisons you!
You are too injured to fight recklessly!
You are too injured to fight recklessly!
Unknown command.
You are too injured to fight recklessly!
You are too injured to fight recklessly!
You feel sick. The orc misses you. The orc hits you but does no damage.
There is a stone staircase leading up here.
You feel sick. The worker ant bites you.
* * * LOW HITPOINT WARNING * * *
The orc hits you with a +0 flail!
You die...

##.####..
#.......#
#(......#
........#
......# ....#
#######..###
#.....@a...##
#.......o....#
..............#
%.............#
..............#
..............#
..............#
#............##
....).....##


You could see a worker ant and an orc.

Vanquished Creatures
  A jelly (D:4)
  Ijyb (D:3)
  8 adders
  A gnoll (D:1)
  An ooze (D:2)
  2 dart slugs
  2 leopard geckos
  10 goblins
  4 hobgoblins
  4 quokkas
  A ball python (D:4)
  8 bats
  5 frilled lizards
  4 kobolds
  7 rats
59 creatures vanquished.

Notes
Turn   | Place    | Note
-------+----------+-------------------------------------------
     0 | D:1      | BritishOli the Demonspawn Gladiator began the quest for the
                  | Orb.
     0 | D:1      | Reached XP level 1. HP: 16/16 MP: 1/1
   351 | D:1      | Gained mutation: Your flesh is heat resistant. (rF+)
                  | [demonic ancestry]
   351 | D:1      | Reached XP level 2. HP: 18/22 MP: 2/2
   931 | D:2      | Reached XP level 3. HP: 25/28 MP: 3/3
   960 | D:2      | Reached skill level 1 in Armour
  1361 | D:2      | Gained mutation: You have a pair of small antennae on your
                  | head. [demonic ancestry]
  1361 | D:2      | Reached XP level 4. HP: 34/34 MP: 4/4
  2312 | D:2      | HP: 2/51 [poisoned by an adder]
  2674 | D:3      | Reached XP level 5. HP: 28/40 MP: 5/5
  2780 | D:3      | Noticed Ijyb
  2797 | D:3      | Paralysed by Ijyb for 3 turns
  2805 | D:3      | Killed Ijyb
  3027 | D:4      | Slain by an orc

Illustrated notes

Levels and vault maps discovered:
D:1:      dpeg_arrival_tiny_c, layout_loops_ring, serial_bayou_pond_b
D:2:      minmay_diamond_boxcup, layout_loops_ring, grunt_decor_arrowhead
D:3:      layout_basic, first_ration, uniq_ijyb
D:4:      layout_rooms, serial_shops, shop

Skill      XL: |  1  2  3  4  5 |
---------------+----------------+-----
Throwing       | 2 |  2.7
Long Blades    | 3 |  3.4
Dodging        | 3 |  3.5
Armour         | 1 |  1.8
Fighting       | 3 |  3.1

Action                   |  1- 3 |  4- 6 || total
-------------------------+-------+-------++-------
Melee: Long sword        |    67 |   116 ||   183
  Use: Potion            |       |     4 ||     4
 Stab: Sleeping          |       |     2 ||     2
  Eat: Ration            |     1 |     1 ||     2
Armor: Leather armour    |    24 |    21 ||    45
       Skin              |       |     1 ||     1
Dodge: Dodged            |    64 |    85 ||   149
       Rpst.: Long sword |    32 |    27 ||    59

Table legend:
 A = Non-vault XP
 B = Vault XP
 C = Vault XP percentage of total XP
 D = Non-vault monster count
 E = Vault monster count
 F = Vault count percentage of total count
                 A         B        C        D         E       F
            +---------+---------+-------+---------+---------+-------
      Total |     225 |      58 |  20.5 |      51 |       8 |  13.6
            +---------+---------+-------+---------+---------+-------
        D:1 |      36 |       3 |   7.7 |      15 |       2 |  11.8
        D:2 |     124 |      19 |  13.3 |      29 |       5 |  14.7
        D:3 |      24 |      36 |  60.0 |       5 |       1 |  16.7
        D:4 |      41 |       0 |   0.0 |       2 |       0 |   0.0
            +---------+---------+-------+---------+---------+-------
